[Event "Titled Tuesday Blitz November 08 Early 2022"]
[White "Nakamura, Hikaru"]
[Black "Timofeev, Artyom"]
[WhiteFideId "2016192"]
[BlackFideId "4140419"]
[WhiteElo "2909"]
[BlackElo "2586"]
[Result "1-0"]
[Round "03"]
[TimeControl "180+1"]
[Date "2022.11.08"]
[WhiteClock "0:00:32"]
[BlackClock "0:00:20"]

1. Nf3 Nf6 2. g3 g6 3. Bg2 Bg7 4. O-O O-O 5. d3 c5 6. e4 Nc6 7. c3 d6 8. Nbd2 e5 9. a3 h6 10. b4 a6 11. bxc5 dxc5 12. Nc4 Qc7 13. Ne3 Be6 14. c4 Nd4 15. a4 b5 16. Nxd4 cxd4 17. Nd5 Bxd5 18. cxd5 Rfc8 19. Bh3 Rd8 20. Bd2 Qb7 21. Qc2 Ne8 22. Rfc1 Bf8 23. Qc6 Qxc6 24. dxc6 Nc7 25. Ba5 Bd6 26. Bb6 Rdb8 27. a5 Re8 28. Bd7 Re7 29. Rf1 Kg7 30. f4 f6 31. Ra2 Rf8 32. Raf2 Ref7 33. h4 h5 34. Kg2 Na8 35. f5 g5 36. Be6 g4 37. Bxf7 Kxf7 38. c7 Bxc7 39. Bxc7 Nxc7 40. Rc2 Ne8 41. Rc6 1-0


[Site "https://www.chess.com"]

[Event "Titled Tuesday Blitz November 08 Early 2022"]
[White "Napoli, Nicolo"]
[Black "Gracia Alvarez, Gerardo Antonio"]
[WhiteFideId "813702"]
[BlackFideId "5109124"]
[WhiteElo "2311"]
[BlackElo "2139"]
[Result "0-1"]
[Round "03"]
[TimeControl "180+1"]
[Date "2022.11.09"]
[WhiteClock "0:00:55"]
[BlackClock "0:00:09"]

1. e4 c5 2. Nf3 Nc6 3. d4 cxd4 4. Nxd4 Nf6 5. Nc3 e5 6. Ndb5 h6 7. a4 Bb4 8. Qd3 O-O 9. Bd2 d5 10. Nxd5 Bxd2+ 11. Kxd2 Be6 12. c4 Rc8 13. Be2 a6 14. Nbc3 Na5 15. Nxf6+ Qxf6 16. Nd5 Nxc4+ 17. Qxc4 Qg5+ 18. f4 exf4 19. h4 Qxg2 20. Qd3 Bxd5 21. exd5 Rfe8 22. Rhg1 Rxe2+ 23. Qxe2 Rc2+ 24. Kxc2 Qxe2+ 25. Kb3 Qd3+ 26. Ka2 Qxd5+ 27. b3 Qd2+ 28. Ka3 a5 29. Rad1 Qb4+ 30. Ka2 b5 31. Rd8+ Kh7 32. axb5 a4 33. Rb1 Qxb5 34. Rd4 axb3+ 35. Rxb3 Qe2+ 36. Ka3 f3 37. Rf4 f2 38. Rbf3 Qe7+ 39. Kb2 Kg6 40. Rxf2 f5 41. Rxf5 Qb7+ 42. Ka1 Qa7+ 43. Kb1 Qb8+ 44. Ka1 Qa8+ 45. Kb1 Qe4+ 46. Ka2 Qxf5 47. Rxf5 Kxf5 48. Kb3 Kg4 49. Kc2 Kxh4 50. Kd2 Kg3 51. Ke2 Kg2 52. Ke3 h5 53. Kf4 h4 54. Kf5 h3 55. Kg5 h2 56. Kg6 h1=Q 57. Kf7 Qf1+ 58. Kg8 Qf3 0-1


[Site "https://www.chess.com"]

[Event "Titled Tuesday Blitz November 08 Early 2022"]
[White "Noboa Silva, Kevin"]
[Black "Levitan, Caleb Levi"]
[WhiteFideId "3618471"]
[BlackFideId "14332620"]
[WhiteElo "2178"]
[BlackElo "1963"]
[Result "1-0"]
[Round "03"]
[TimeControl "180+1"]
[Date "2022.11.09"]
[WhiteClock "0:01:58"]
[BlackClock "0:00:16"]

1. e4 c5 2. c3 d5 3. exd5 Qxd5 4. d4 Nc6 5. Nf3 Nf6 6. Be3 Bg4 7. dxc5 Qxd1+ 8. Kxd1 O-O-O+ 9. Nd2 e5 10. Kc2 Bf5+ 11. Kc1 Nd5 12. Nb3 Nxe3 13. fxe3 Be6 14. Bb5 Bxb3 15. axb3 Bxc5 16. Bxc6 Bxe3+ 17. Kc2 bxc6 18. Rhe1 Bb6 19. Nxe5 Rhe8 20. Nxc6 Rxe1 21. Rxe1 Rd6 22. Ne5 Re6 23. Nf3 Rg6 24. Re2 h5 25. b4 Rd6 26. c4 a5 27. c5 Rc6 28. Nd4 Rc7 29. Nb5 Rc6 30. Kb3 Bd8 31. Na7+ Kb7 32. Nxc6 Kxc6 33. Kc4 axb4 34. Kxb4 g5 35. Kc4 f5 36. b4 f4 37. b5+ Kc7 38. b6+ Kc6 39. Re6+ Kd7 40. Rd6+ Kc8 41. Kb5 Be7 42. Re6 Bd8 43. c6 g4 44. Re8 f3 45. gxf3 gxf3 46. c7 f2 47. Rxd8+ Kb7 48. c8=Q# 1-0


[Site "https://www.chess.com"]

[Event "Titled Tuesday Blitz November 08 Early 2022"]
[White "Nouri, Alekhine"]
[Black "Ivic, Velimir"]
[WhiteFideId "5216184"]
[BlackFideId "950122"]
[WhiteElo "2151"]
[BlackElo "2625"]
[Result "1-0"]
[Round "03"]
[TimeControl "180+1"]
[Date "2022.11.09"]
[WhiteClock "0:00:14"]
[BlackClock "0:00:06"]

1. e4 c5 2. Nc3 d6 3. Nf3 Nf6 4. d4 cxd4 5. Nxd4 a6 6. Qe2 e5 7. Nf5 Be6 8. Bg5 Nbd7 9. O-O-O Qc7 10. f4 h6 11. Bh4 g6 12. Ne3 exf4 13. Ned5 Bxd5 14. exd5+ Be7 15. Re1 Ne5 16. Qd2 Rc8 17. Bd3 Kf8 18. Rhf1 b5 19. Kb1 b4 20. Ne4 Nxe4 21. Bxe7+ Qxe7 22. Rxe4 a5 23. Rexf4 Kg7 24. h4 Rc5 25. Be4 Rf8 26. b3 h5 27. Qd4 Rc3 28. Rf6 Kg8 29. Kb2 a4 30. Qxb4 Re3 31. R1f4 a3+ 32. Kxa3 Qa7+ 33. Kb2 Ra8 34. a4 Nd7 35. Rxf7 Rc8 36. Qxd6 Qd4+ 37. Ka2 Ne5 38. Rf8+ Rxf8 39. Rxf8+ Kh7 40. Qe7+ Kh6 41. Rh8# 1-0


[Site "https://www.chess.com"]

[Event "Titled Tuesday Blitz November 08 Early 2022"]
[White "Nurmanova, Alua"]
[Black "Sreyas Payyappat"]
[WhiteFideId "13729390"]
[BlackFideId "46674969"]
[WhiteElo "2120"]
[BlackElo "2083"]
[Result "1-0"]
[Round "03"]
[TimeControl "180+1"]
[Date "2022.11.09"]
[WhiteClock "0:00:10"]
[BlackClock "0:00:09"]

1. e4 c6 2. d4 d5 3. e5 Bf5 4. h4 Qc7 5. g4 Bd7 6. Nc3 h5 7. g5 g6 8. Bh3 Bxh3 9. Nxh3 e6 10. Nf4 Ne7 11. Be3 Nf5 12. Nce2 c5 13. c3 Nc6 14. Ng3 Nxg3 15. fxg3 c4 16. g4 hxg4 17. Qxg4 Qb6 18. Qe2 Be7 19. Kf2 O-O-O 20. Rag1 Qa5 21. a3 Rh7 22. h5 gxh5 23. Rxh5 Rg7 24. g6 fxg6 25. Rxg6 Rxg6 26. Nxg6 Rg8 27. Qg4 Kd7 28. Rh6 Qb6 29. Qe2 Qd8 30. Qh5 Qe8 31. Ke1 Qf7 32. Kd2 Rg7 33. Nf4 Nd8 34. Qxf7 Rxf7 35. Rg6 Rh7 36. Kc2 Rh2+ 37. Rg2 Rxg2+ 38. Nxg2 Nf7 39. Nf4 Bg5 40. Ng2 Bxe3 41. Nxe3 Nh6 42. b3 b5 43. a4 a6 44. axb5 axb5 45. Kb2 Ke7 46. Nc2 Kd7 47. Nb4 Kc7 48. Na6+ Kd7 49. Nc5+ Ke7 50. Ka3 Nf7 51. Kb4 cxb3 52. Nxb3 Ng5 53. Kxb5 Ne4 54. Kb4 Kd8 55. Nc5 Ng5 56. Kb5 Kc7 57. c4 dxc4 58. Kxc4 Kc6 59. Nd3 Ne4 60. Nb4+ Kd7 61. Kd3 Ng3 62. Kc4 Nf5 63. Kc5 Ne3 64. Nd3 Ke7 65. Nf4 Kd7 66. Ng6 Nd5 67. Nh4 Ke7 68. Nf3 Ne3 69. Ng5 Kd7 70. Ne4 Ke7 71. Nf6 Nf5 72. d5 exd5 73. Kxd5 Ne3+ 74. Ke4 Nc4 75. Nd5+ Ke6 76. Nf4+ Ke7 77. e6 Nb6 78. Ke5 Nc4+ 79. Kd4 Nb6 80. Kc5 Na4+ 81. Kd5 Nc3+ 82. Ke5 Na4 83. Nd5+ Ke8 84. Kd6 Nc3 85. Nc7+ Kf8 86. e7+ Kg7 87. e8=Q 1-0


[Site "https://www.chess.com"]

[Event "Titled Tuesday Blitz November 08 Early 2022"]
[White "Odegov, Artem"]
[Black "Berdychevskaya, Natasha"]
[WhiteFideId "34183644"]
[BlackFideId "4159322"]
[WhiteElo "2298"]
[BlackElo "2108"]
[Result "1-0"]
[Round "03"]
[TimeControl "180+1"]
[Date "2022.11.09"]
[WhiteClock "0:00:17"]
[BlackClock "0:00:08"]

1. d4 d5 2. c4 dxc4 3. Nf3 a6 4. a4 Nc6 5. Nc3 e5 6. d5 Na5 7. Nxe5 Bd6 8. Nf3 Nf6 9. e4 O-O 10. Be2 Re8 11. Nd2 Bd7 12. O-O b5 13. Qc2 c6 14. Bf3 cxd5 15. Nxd5 Nxd5 16. exd5 Rc8 17. Ne4 Bf5 18. axb5 Nb3 19. Rxa6 Nd4 20. Rxd6 Nxc2 21. Rxd8 Rcxd8 22. Ng3 Bd3 23. Rd1 Nd4 24. Be4 Bxe4 25. Rxd4 Rxd5 26. Rxd5 Bxd5 27. Be3 Ra8 28. h4 Kf8 29. Nf5 Be6 30. Nd6 Ke7 31. Ne4 Bd5 32. Nc3 Bb7 33. Kh2 Ke6 34. b6 f6 35. Kg3 h5 36. Kh2 Kf5 37. Nb5 Ke6 38. Nc7+ Kd7 39. Nxa8 Bxa8 40. f3 Ke6 41. Kg3 Kd5 42. Kf4 Ke6 43. Bf2 Bb7 44. Ke3 Kd5 45. Kd2 g6 46. Kc3 Kc6 47. Kxc4 Ba6+ 48. Kc3 Bf1 49. g3 Bg2 50. f4 Be4 51. Kd4 Bf5 52. Kc4 Kb7 53. Kc5 Bb1 54. Bd4 Bf5 55. Bxf6 Bb1 56. Bd4 Bf5 57. Kd6 Bb1 58. Ke5 Bf5 59. Kf6 Bb1 60. Kg5 Bc2 61. Bc5 Bb1 62. g4 hxg4 63. Kxg4 Bc2 64. h5 gxh5+ 65. Kxh5 Kc6 66. Be3 Be4 67. Kg5 Kd5 68. f5 Ke5 69. f6 Ke6 70. b4 Kf7 71. Bd4 Ke6 72. Kf4 Bb7 73. Ke3 Kf7 74. Be5 Ke6 75. Kd4 Kf7 76. Kc5 Ke6 77. Bc3 1-0


[Site "https://www.chess.com"]

[Event "Titled Tuesday Blitz November 08 Early 2022"]
[White "Omariev, Maksim"]
[Black "Arabidze, Meri"]
[WhiteFideId "4193423"]
[BlackFideId "13604040"]
[WhiteElo "2415"]
[BlackElo "2403"]
[Result "0-1"]
[Round "03"]
[TimeControl "180+1"]
[Date "2022.11.09"]
[WhiteClock "0:00:02"]
[BlackClock "0:00:45"]

1. g4 e5 2. Bg2 Nc6 3. c4 d6 4. h3 Nge7 5. d3 Ng6 6. Nf3 Be7 7. Nc3 f5 8. gxf5 Bxf5 9. Be3 O-O 10. Qd2 Nf4 11. Rg1 Nxg2+ 12. Rxg2 Kh8 13. O-O-O a6 14. Rdg1 Rf7 15. Nd5 b5 16. Nxe7 Qxe7 17. Ng5 Rf6 18. Ne4 Rg6 19. Rxg6 Bxg6 20. Qc3 b4 21. Qd2 a5 22. Ng5 a4 23. h4 a3 24. b3 Qf6 25. f3 e4 26. d4 exf3 27. Nxf3 Re8 28. Bg5 Qf5 29. Kd1 Qb1+ 30. Qc1 Qxa2 31. d5 Qxe2# 0-1


[Site "https://www.chess.com"]

[Event "Titled Tuesday Blitz November 08 Early 2022"]
[White "Orozbaev, Eldiar"]
[Black "Swiercz, Dariusz"]
[WhiteFideId "13802240"]
[BlackFideId "1126881"]
[WhiteElo "2244"]
[BlackElo "2627"]
[Result "1/2-1/2"]
[Round "03"]
[TimeControl "180+1"]
[Date "2022.11.09"]
[WhiteClock "0:00:05"]
[BlackClock "0:00:06"]

1. e4 c5 2. c3 e5 3. Nf3 Nc6 4. d4 cxd4 5. cxd4 exd4 6. Nxd4 Nf6 7. Nc3 Bb4 8. Nxc6 dxc6 9. Qxd8+ Kxd8 10. Bg5 Be6 11. O-O-O+ Kc8 12. Bxf6 gxf6 13. a3 Bc5 14. f3 Bb3 15. Rd3 Rd8 16. Rxd8+ Kxd8 17. Bd3 Ke7 18. Bc2 Be3+ 19. Kb1 Bc4 20. Rd1 Rd8 21. b3 Ba6 22. Rxd8 Kxd8 23. Bd1 Bf1 24. g4 Ke7 25. Ne2 Ke6 26. Kc2 Ke5 27. Ng3 Bh3 28. Be2 Bg1 29. Nf5 Bxh2 30. Nh6 Kf4 31. Nxf7 Bg2 32. Kd3 Bg1 33. Nd6 Bxf3 34. Bxf3 Kxf3 35. Ne8 Bc5 36. Nxf6 Be7 37. g5 h6 38. Ng8 Bxg5 39. e5 Kf4 40. e6 Kf5 41. e7 Bxe7 42. Nxe7+ Kg4 43. Ke3 h5 44. Kf2 Kf4 45. Nc8 a5 46. Nd6 b5 47. Nb7 a4 48. bxa4 bxa4 49. Nc5 Ke5 50. Nxa4 Kd4 51. Nb2 c5 52. a4 c4 53. Nxc4 Kxc4 54. Kg3 Kb4 55. Kh4 Kxa4 56. Kxh5 1/2-1/2


[Site "https://www.chess.com"]

[Event "Titled Tuesday Blitz November 08 Early 2022"]
[White "Orzech, Dominik"]
[Black "Kopacz, Grzegorz"]
[WhiteFideId "1115065"]
[BlackFideId "1109880"]
[WhiteElo "2272"]
[BlackElo "2037"]
[Result "0-1"]
[Round "03"]
[TimeControl "180+1"]
[Date "2022.11.09"]
[WhiteClock "0:00:01"]
[BlackClock "0:00:18"]

1. g3 c5 2. Bg2 Nc6 3. Nf3 g6 4. O-O Bg7 5. c4 e6 6. Nc3 Nge7 7. Rb1 O-O 8. a3 d5 9. d3 b6 10. Bg5 h6 11. Bd2 Bb7 12. Qc1 Kh7 13. b4 cxb4 14. axb4 dxc4 15. dxc4 Rc8 16. b5 Na5 17. Rd1 Qc7 18. Na4 Nxc4 19. Bb4 Rfd8 20. Rxd8 Qxd8 21. Ng5+ hxg5 22. Bxb7 Rc7 23. Bg2 Nd5 24. Be1 Nce3 25. Qa3 Nxg2 26. Kxg2 Qa8 27. Kg1 g4 28. Qd6 Qc8 29. e4 Nf6 30. Qf4 Rc4 31. Bc3 Rxe4 32. Qg5 Nd5 33. Bxg7 Kxg7 34. Nb2 Qc2 35. Rc1 Qxb2 36. Rc8 Qf6 37. Qc1 Qf3 38. Ra8 Re2 0-1


[Site "https://www.chess.com"]

[Event "Titled Tuesday Blitz November 08 Early 2022"]
[White "Osmonbekov, Talaibek"]
[Black "Chakraborty, Dipro"]
[WhiteFideId "2017253"]
[BlackFideId "2045524"]
[WhiteElo "2135"]
[BlackElo "2130"]
[Result "1-0"]
[Round "03"]
[TimeControl "180+1"]
[Date "2022.11.09"]
[WhiteClock "0:01:11"]
[BlackClock "0:00:02"]

1. d4 Nf6 2. Bf4 g6 3. Nc3 d5 4. e3 Bg7 5. h4 h5 6. Nf3 Bg4 7. Qd2 Bxf3 8. gxf3 c6 9. O-O-O Nbd7 10. e4 e6 11. Rg1 O-O 12. Bh6 Nh7 13. Bxg7 Kxg7 14. Qf4 Qf6 15. Qg3 b5 16. e5 Qe7 17. Ne2 Kh8 18. Nf4 Rg8 19. Bd3 Raf8 20. Qh3 a6 21. Rg3 c5 22. c3 cxd4 23. cxd4 Rg7 24. Kb1 Rfg8 25. Rc1 Qb4 26. Ne2 Qd2 27. f4 Nb6 28. b3 a5 29. Rc2 Qe1+ 30. Kb2 a4 31. Bxb5 a3+ 32. Kxa3 Qa1 33. Rg1 Ra8+ 34. Ba4 Nxa4 35. bxa4 Rxa4+ 36. Kxa4 1-0


[Site "https://www.chess.com"]

[Event "Titled Tuesday Blitz November 08 Early 2022"]
[White "Ostrovskiy, Aleksandr"]
[Black "Lehtosaari, Mauri"]
[WhiteFideId "2034239"]
[BlackFideId "501999"]
[WhiteElo "2340"]
[BlackElo "2509"]
[Result "0-1"]
[Round "03"]
[TimeControl "180+1"]
[Date "2022.11.09"]
[WhiteClock "0:00:01"]
[BlackClock "0:00:04"]

1. d4 d5 2. Bf4 c5 3. e3 Nc6 4. c3 Qb6 5. Qb3 c4 6. Qc2 g6 7. e4 e6 8. Nd2 Bg7 9. e5 Nge7 10. h4 h6 11. g3 Bd7 12. Bg2 Qa5 13. Ne2 b5 14. O-O Qb6 15. b3 O-O 16. Rfb1 Qc7 17. a4 a6 18. b4 Nf5 19. Nf1 bxa4 20. Rxa4 Ncxd4 21. Nxd4 Nxd4 22. cxd4 Bxa4 23. Qxa4 Rfb8 24. Ne3 Qb6 25. Nc2 Bf8 26. Ra1 Bxb4 27. Bxh6 Be7 28. Ne3 Qb5 29. Qa2 Qb2 30. Qa5 Qb5 31. Qe1 Qb2 32. Rd1 a5 33. Ng4 a4 34. Bc1 Qc2 35. Rd2 Qb1 36. Rd1 Qc2 37. Nf6+ Bxf6 38. exf6 a3 39. Rd2 Qb1 40. Rd1 Qc2 41. Bxa3 Rxa3 42. Rc1 Qb2 43. Rd1 Ra2 44. Qe3 Rba8 45. Qh6 Qxf2+ 46. Kh1 Qxg2# 0-1


[Site "https://www.chess.com"]

[Event "Titled Tuesday Blitz November 08 Early 2022"]
[White "Pakleza, Zbigniew"]
[Black "Shimanov, Aleksandr"]
[WhiteFideId "1119290"]
[BlackFideId "4198603"]
[WhiteElo "2411"]
[BlackElo "2605"]
[Result "1-0"]
[Round "03"]
[TimeControl "180+1"]
[Date "2022.11.08"]
[WhiteClock "0:00:05"]
[BlackClock "0:00:02"]

1. d4 d5 2. Bf4 c5 3. c3 Nc6 4. e3 Nf6 5. Nd2 e6 6. Ngf3 Bd6 7. Bg3 O-O 8. Bd3 Qe7 9. Ne5 Nd7 10. Nxd7 Qxd7 11. Qh5 f5 12. Bxd6 Qxd6 13. f4 cxd4 14. cxd4 b6 15. O-O a5 16. Rfc1 Nb4 17. Bf1 Ba6 18. a3 Bxf1 19. axb4 Bd3 20. bxa5 bxa5 21. Nf3 Be4 22. Ne5 Qe7 23. Rc5 Qb7 24. Qe2 h6 25. h4 Rfb8 26. Rac1 Kh7 27. Qh5 Ra7 28. Qg6+ Kh8 29. Nf7+ Qxf7 30. Rc8+ Rxc8 31. Rxc8+ Qg8 32. Rxg8+ Kxg8 33. Qxe6+ Kh7 34. Qb6 Ra8 35. h5 Rc8 36. Qxa5 Rc2 37. b4 Rxg2+ 38. Kf1 g6 39. Qc7+ Kg8 40. Qd8+ Kg7 41. Qe7+ Kg8 42. hxg6 Rxg6 43. Qe8+ Kg7 44. b5 h5 45. Qe7+ Kh6 46. Qf8+ Kh7 47. Qf7+ Kh6 48. Qf8+ Kh7 49. Qd8 Rg8 50. Qc7+ Rg7 51. b6 h4 52. Qxg7+ Kxg7 53. b7 h3 54. Kg1 h2+ 55. Kxh2 Bh1 56. b8=Q 1-0


[Site "https://www.chess.com"]

[Event "Titled Tuesday Blitz November 08 Early 2022"]
[White "Pappelis, Dimitrios"]
[Black "Guimaraes, Wagner Peixoto"]
[WhiteFideId "4215281"]
[BlackFideId "2100940"]
[WhiteElo "2104"]
[BlackElo "2231"]
[Result "1/2-1/2"]
[Round "03"]
[TimeControl "180+1"]
[Date "2022.11.09"]
[WhiteClock "0:00:05"]
[BlackClock "0:00:05"]

1. d4 Nf6 2. c4 g6 3. Nc3 Bg7 4. Nf3 d6 5. e3 O-O 6. Be2 c5 7. O-O Nc6 8. d5 Na5 9. Nd2 b6 10. b3 Nxd5 11. cxd5 Bxc3 12. Rb1 Bb7 13. Nc4 Nxc4 14. bxc4 Bg7 15. e4 e6 16. Be3 exd5 17. exd5 Re8 18. Qd2 Qd7 19. Rfe1 Be5 20. h3 Qa4 21. Rb3 Bg7 22. Bd1 Qxc4 23. Bf3 Qa4 24. Reb1 Qd7 25. Bf4 c4 26. Re3 c3 27. Qc2 Qf5 28. Qxf5 gxf5 29. Bxd6 Rxe3 30. fxe3 c2 31. Rc1 Rc8 32. Ba3 Rc3 33. Bb2 Rc4 34. Bxg7 Kxg7 35. Kf2 Rc5 36. d6 Bc8 37. Ke2 Bd7 38. Kd2 Kf6 39. Rxc2 Rxc2+ 40. Kxc2 Ke6 41. Kc3 Kxd6 42. Kd4 f6 43. g3 Bc6 44. Be2 Bd5 45. a3 a5 46. Bd3 Be6 47. h4 h6 48. Bb5 Bd7 49. Bd3 Be6 50. Bb5 Kc7 51. Bd3 Kd6 1/2-1/2


[Site "https://www.chess.com"]

[Event "Titled Tuesday Blitz November 08 Early 2022"]
[White "Paravyan, David"]
[Black "Gareyev, Timur"]
[WhiteFideId "4194985"]
[BlackFideId "14200937"]
[WhiteElo "2546"]
[BlackElo "2552"]
[Result "1-0"]
[Round "03"]
[TimeControl "180+1"]
[Date "2022.11.08"]
[WhiteClock "0:02:09"]
[BlackClock "0:00:31"]

1. e4 c5 2. Nf3 Nc6 3. Nc3 Nf6 4. Bb5 Qc7 5. O-O Ng4 6. Nd5 Qb8 7. h3 Nge5 8. Nxe5 Nxe5 9. d4 cxd4 10. Qxd4 Nc6 11. Qc3 e5 12. Bg5 a6 13. Bc4 b5 14. Bb3 Bd6 15. Rad1 Nd4 16. Rxd4 exd4 17. Qxd4 Be5 18. Qc5 Qd6 19. Nc7+ 1-0


[Site "https://www.chess.com"]

[Event "Titled Tuesday Blitz November 08 Early 2022"]
[White "Parkhov, Yair"]
[Black "Remizov, Yaroslav"]
[WhiteFideId "2813408"]
[BlackFideId "34134015"]
[WhiteElo "2384"]
[BlackElo "2414"]
[Result "0-1"]
[Round "03"]
[TimeControl "180+1"]
[Date "2022.11.09"]
[WhiteClock "0:01:19"]
[BlackClock "0:02:05"]

1. e4 c6 2. Nf3 d5 3. Nc3 dxe4 4. Nxe4 Nf6 5. Qe2 Nxe4 6. Qxe4 Qd5 7. Qf4 Qf5 8. Qe3 Qe6 9. Bc4 Qxc4 10. d3 Qe6 11. O-O Qxe3 12. fxe3 f6 13. b3 Nd7 14. Nd4 Nb6 15. a4 e5 16. a5 Nd5 17. Ne2 Bg4 18. Ng3 Bc5 19. Re1 O-O-O 20. Ra4 h5 21. Bd2 Be7 22. Rb1 Be6 23. Ne4 f5 24. Nf2 Nc7 25. Nh3 g5 26. Bc3 Bf6 27. e4 f4 28. Nf2 Nb5 29. Bb2 g4 30. Nd1 h4 31. Nc3 Nxc3 32. Bxc3 h3 33. b4 a6 34. Rf1 hxg2 35. Rxf4 exf4 36. Bxf6 f3 37. Ra1 g3 38. h4 Bh3 0-1


[Site "https://www.chess.com"]

[Event "Titled Tuesday Blitz November 08 Early 2022"]
[White "Parpiev, Isaak"]
[Black "Luxama, Jacques Muller"]
[WhiteFideId "34281576"]
[BlackFideId "11900113"]
[WhiteElo "2094"]
[BlackElo "1931"]
[Result "0-1"]
[Round "03"]
[TimeControl "180+1"]
[Date "2022.11.09"]
[WhiteClock "0:00:01"]
[BlackClock "0:00:56"]

1. e4 c5 2. Nf3 d6 3. d4 cxd4 4. Nxd4 Nf6 5. Nc3 a6 6. f4 e5 7. Nb3 Nc6 8. Be2 Be7 9. O-O O-O 10. Kh1 exf4 11. Bxf4 Ne5 12. Bf3 Be6 13. Nd5 Bxd5 14. exd5 Ng6 15. Bg3 b5 16. Nd4 Re8 17. c3 Bf8 18. a4 bxa4 19. Qxa4 Ne4 20. Bxe4 Rxe4 21. Qc6 Ne5 22. Bxe5 dxe5 23. Nf5 g6 24. Ng3 Rh4 25. Qb7 f5 26. b4 a5 27. b5 Bc5 28. h3 Rb8 29. Qc6 Rc8 30. Qf6 Qxf6 0-1


[Site "https://www.chess.com"]

[Event "Titled Tuesday Blitz November 08 Early 2022"]
[White "Paszewski, Mateusz"]
[Black "Balkum, Alexander"]
[WhiteFideId "1141058"]
[BlackFideId "2005069"]
[WhiteElo "2263"]
[BlackElo "2356"]
[Result "1/2-1/2"]
[Round "03"]
[TimeControl "180+1"]
[Date "2022.11.09"]
[WhiteClock "0:00:12"]
[BlackClock "0:00:09"]

1. Nf3 Nf6 2. d4 g6 3. Bf4 Bg7 4. c3 O-O 5. Nbd2 d6 6. e4 Nc6 7. Be2 Nh5 8. Be3 e5 9. dxe5 dxe5 10. O-O Nf4 11. Bc4 Be6 12. b4 Re8 13. Bxe6 Nxe6 14. Nc4 Qxd1 15. Rfxd1 f6 16. Nfd2 a6 17. Nb3 Bf8 18. a4 Red8 19. Kf1 b6 20. Rd5 Ne7 21. Rxd8 Rxd8 22. Ke2 Kf7 23. g3 Nc8 24. a5 b5 25. Nb2 Nd6 26. Nd3 Nc4 27. Rd1 Nxe3 28. Kxe3 Rc8 29. f4 Bd6 30. f5 gxf5 31. exf5 Nf8 32. Ndc5 Ra8 33. Ke4 Ke7 34. g4 Nd7 35. Nxd7 Kxd7 36. Nc5+ Kc6 37. Ne6 Rg8 38. Rg1 h6 39. h4 Be7 40. Rg2 Rh8 41. Rg1 Rg8 42. Rg3 Rh8 43. Rg1 Rg8 1/2-1/2


[Site "https://www.chess.com"]

[Event "Titled Tuesday Blitz November 08 Early 2022"]
[White "Perez Gormaz, Matias"]
[Black "Bettalli, Francesco"]
[WhiteFideId "3406342"]
[BlackFideId "2816453"]
[WhiteElo "2341"]
[BlackElo "2216"]
[Result "1-0"]
[Round "03"]
[TimeControl "180+1"]
[Date "2022.11.09"]
[WhiteClock "0:00:07"]
[BlackClock "0:00:52"]

1. e4 e5 2. Nf3 Nf6 3. Nc3 Bc5 4. Nxe5 Bd4 5. Nf3 Bxc3 6. dxc3 Nxe4 7. Bd3 Nf6 8. Qe2+ Qe7 9. Qxe7+ Kxe7 10. Bf4 d6 11. O-O-O Kd8 12. Rhe1 Bg4 13. Ng5 Bh5 14. Bc4 Rf8 15. f3 h6 16. Ne4 Nxe4 17. Rxe4 Bg6 18. Re2 Nd7 19. a4 Nb6 20. Bb3 a5 21. Rde1 Kd7 22. Re7+ Kc6 23. g4 Rad8 24. h4 h5 25. Bg5 f6 26. Bd2 Rd7 27. R1e2 hxg4 28. fxg4 f5 29. h5 Bh7 30. g5 f4 31. g6 Bg8 32. Rxd7 Kxd7 33. Bxg8 Rxg8 34. Bxf4 Nd5 35. Bg5 Rh8 36. Rh2 Ke6 37. c4 Nb6 38. b3 Kf5 39. Bd2 Nd7 40. Rf2+ Ke6 41. Rf7 Rxh5 42. Rxg7 Rh1+ 43. Kb2 Rg1 44. Bxa5 b6 45. Bc3 c5 46. a5 bxa5 47. Bxa5 Ne5 48. Bc3 Nxg6 49. Rg8 Rg2 50. Re8+ Kd7 51. Rg8 Ke6 52. Rg7 Nf4 53. Rh7 Nd3+ 54. Kb1 Rg1+ 55. Ka2 Nc1+ 56. Kb2 Ne2 57. Rh6+ Kd7 58. Bd2 Rg2 59. Be3 Ng3 60. Bf4 Nf5 61. Rf6 Nd4 62. Bxd6 Rxc2+ 63. Ka3 Rc3 64. Bxc5 Rxb3+ 65. Ka4 Rc3 66. Rd6+ Kc7 67. Rxd4 Kc6 68. Kb4 Rh3 69. Rd6+ Kc7 70. Re6 Rh1 71. Kb5 Rb1+ 72. Bb4 Rc1 73. Re7+ Kd8 74. Rf7 Ke8 75. Ra7 Kd8 76. c5 Kc8 77. Rg7 Kd8 78. c6 Ke8 79. Re7+ Kd8 80. Rf7 Ke8 81. Rf8# 1-0


[Site "https://www.chess.com"]

[Event "Titled Tuesday Blitz November 08 Early 2022"]
[White "Piesik, Piotr"]
[Black "Miszler, Levente"]
[WhiteFideId "1136194"]
[BlackFideId "763276"]
[WhiteElo "2316"]
[BlackElo "2176"]
[Result "1-0"]
[Round "03"]
[TimeControl "180+1"]
[Date "2022.11.09"]
[WhiteClock "0:01:42"]
[BlackClock "0:00:26"]

1. Nf3 Nf6 2. g3 g6 3. Bg2 Bg7 4. O-O O-O 5. d4 d5 6. c4 dxc4 7. Na3 c3 8. bxc3 c5 9. Qb3 Nc6 10. Rd1 Na5 11. Qb2 Qb6 12. Ne5 Be6 13. Rb1 Qxb2 14. Rxb2 Rab8 15. e3 Rfc8 16. Bd2 Nd7 17. Nd3 b6 18. d5 Bf5 19. e4 c4 20. Nb4 Bxe4 21. Bxe4 Nc5 22. Bc2 Nab7 23. Nc6 Ra8 24. Nxe7+ 1-0


[Site "https://www.chess.com"]

[Event "Titled Tuesday Blitz November 08 Early 2022"]
[White "Pinheiro, Iung Alicio de O."]
[Black "Gonzalez Vega, Alejandro"]
[WhiteFideId "2104350"]
[BlackFideId "3510042"]
[WhiteElo "2283"]
[BlackElo "2291"]
[Result "1-0"]
[Round "03"]
[TimeControl "180+1"]
[Date "2022.11.09"]
[WhiteClock "0:00:51"]
[BlackClock "0:00:05"]

1. e4 c5 2. Nf3 a6 3. Nc3 e6 4. g3 Nc6 5. Bg2 d6 6. O-O Nf6 7. d4 cxd4 8. Nxd4 Qc7 9. h3 Be7 10. Be3 O-O 11. f4 Bd7 12. Nb3 Rac8 13. Qe2 b5 14. a3 Rfe8 15. g4 g6 16. Qf2 Bf8 17. Rad1 b4 18. axb4 Nxb4 19. Bd4 Bg7 20. e5 Nfd5 21. exd6 Qxd6 22. Bxg7 Kxg7 23. Qd4+ Kg8 24. Ne4 Qb6 25. Qxb6 Nxb6 26. Nf6+ Kg7 27. Nxd7 Nxd7 28. Rxd7 Rxc2 29. Rf2 Rec8 30. Nd4 Rxf2 31. Kxf2 Rc1 32. Nxe6+ Kf6 33. Ng5 Rc2+ 34. Kg3 1-0


[Site "https://www.chess.com"]

[Event "Titled Tuesday Blitz November 08 Early 2022"]
[White "Postny, Evgeny"]
[Black "Grandelius, Nils"]
[WhiteFideId "2804344"]
[BlackFideId "1710400"]
[WhiteElo "2476"]
[BlackElo "2617"]
[Result "1-0"]
[Round "03"]
[TimeControl "180+1"]
[Date "2022.11.08"]
[WhiteClock "0:00:32"]
[BlackClock "0:00:04"]

1. Nf3 g6 2. c4 Bg7 3. Nc3 c5 4. d4 cxd4 5. Nxd4 Nc6 6. e3 Nf6 7. Be2 O-O 8. O-O d6 9. b3 Nxd4 10. exd4 d5 11. c5 Ne4 12. Bb2 Bf5 13. b4 h5 14. Nxe4 dxe4 15. Qd2 Qd5 16. Rac1 Qxa2 17. Bc4 Qa4 18. d5 Bxb2 19. Qxb2 Rac8 20. c6 e3 21. Ra1 Qc2 22. Qxc2 Bxc2 23. b5 bxc6 24. dxc6 Rc7 25. fxe3 e6 26. Ra2 Be4 27. Rfa1 Bxc6 28. bxc6 Rxc6 29. Be2 Rc3 30. Kf2 Rd8 31. Rxa7 Rd2 32. R7a2 Rd5 33. Ra5 Rxa5 34. Rxa5 Kg7 35. Ra7 Rc2 36. Kf3 Rb2 37. h4 Rb4 38. g3 Rb1 39. Bc4 Rb4 40. Bxe6 1-0


[Site "https://www.chess.com"]

[Event "Titled Tuesday Blitz November 08 Early 2022"]
[White "Pourkashiyan, Atousa"]
[Black "Padmini, Rout"]
[WhiteFideId "12502014"]
[BlackFideId "5029295"]
[WhiteElo "2247"]
[BlackElo "2296"]
[Result "0-1"]
[Round "03"]
[TimeControl "180+1"]
[Date "2022.11.09"]
[WhiteClock "0:00:52"]
[BlackClock "0:00:20"]

1. e4 e5 2. Nf3 Nc6 3. Bb5 Nf6 4. d3 d6 5. O-O Bd7 6. h3 h6 7. c3 g5 8. d4 a6 9. Be2 Nxe4 10. Re1 Bg7 11. dxe5 dxe5 12. Bc4 Nd6 13. Bd5 O-O 14. Nbd2 Re8 15. Ne4 Be6 16. Bxc6 bxc6 17. Nc5 Bf5 18. Be3 Bg6 19. Qa4 Nb5 20. Rad1 Qf6 21. c4 Nd4 22. Bxd4 exd4 23. Rxe8+ Rxe8 24. Nxd4 Qxd4 25. Rxd4 Re1+ 26. Kh2 Bxd4 27. Qxc6 Bxf2 28. Qxc7 Bg1+ 29. Kg3 Re3+ 30. Kg4 f5# 0-1


[Site "https://www.chess.com"]